 Dungeon Crawl Stone Soup version 0.17-a0-2109-g117576f (webtiles) character file.

67 tp1 the Conjurer (level 3, 0/19 HPs)
             Began as a Deep Elf Conjurer on Oct 19, 2015.
             Shot with a stone by a goblin (8 damage)
             ... on level 2 of the Dungeon.
             The game lasted 00:07:52 (1575 turns).

tp1 the Conjurer (Deep Elf Conjurer)                Turns: 1575, Time: 00:07:53

Health: 0/19       AC:  2    Str:  6    XL:     3   Next: 98%
Magic:  0/10       EV: 13    Int: 19    God:
Gold:   23         SH:  0    Dex: 15    Spells: 1 memorised, 9 levels left

rFire  . . .     SeeInvis .     m - +0 dagger
rCold  . . .     Clarity  .     a - +0 robe
rNeg   . . .     SustAt   .     (no shield)
rPois  .         Gourm    .     (no helmet)
rElec  .         Spirit   .     (no cloak)
rCorr  .         Warding  .     (no gloves)
rMut   .         Stasis   .     (no boots)
MR     .....                    (no amulet)
Stlth  ++........               (no ring)
                                (no ring)

@: not resistant to hostile enchantments, unstealthy
A: no striking features
a: no special abilities


You were on level 2 of the Dungeon.
You were not hungry.

You visited 1 branch of the dungeon, and saw 2 of its levels.

You collected 23 gold pieces.

Inventory:

Hand Weapons
 g - a +0 hunting sling
 h - a +0 short sword of protection
 m - a +0 dagger (weapon)
 q - a +0 dagger
Missiles
 o - 23 sling bullets
Armour
 a - a +0 robe (worn)
Scrolls
 e - a scroll of fog {unknown}
 k - a scroll of immolation {unknown}
 l - a scroll of magic mapping {unknown}
 n - a scroll of remove curse {unknown}
 p - a scroll of enchant armour {unknown}
Potions
 d - 2 potions of haste {unknown}
 f - a potion of beneficial mutation {unknown}
 j - a potion of curing {unknown}
Books
 b - a book of Conjurations

   Spells                             Type                      Level
   a - Magic Dart                     Conjuration                  1
   b - Searing Ray                    Conjuration                  2
   c - Dazzling Spray                 Conjuration/Hexes            3
   d - Fulminant Prism                Conjuration/Hexes            4
   e - Iskenderun's Mystic Blast      Conjuration                  4
   f - Iskenderun's Battlesphere      Conjuration/Charms           5
Comestibles
 c - 2 bread rations
 i - 5 chunks of flesh


   Skills:
 - Level 3.0 Dodging
 - Level 2.4 Stealth
 - Level 4.0 Spellcasting
 + Level 5.4 Conjurations


You had 9 spell levels left.
You knew the following spells:

 Your Spells              Type           Power        Failure   Level  Hunger
a - Magic Dart            Conj           ###.         1%          1    None


Dungeon Overview and Level Annotations

Branches:
Dungeon (2/15)

Altars:

Annotations:
D:2 Ijyb


Message History

The stone hits you but does no damage. Ijyb hits you.
You see here a club.
You hit Ijyb but do no damage.
Ijyb is lightly wounded.
The goblin shoots a stone.
The stone hits you but does no damage. Ijyb hits you.
There is a large open door here.
Casting: Magic Dart
Confirm with . or Enter, or press ? or * to list all spells.
Aiming: Magic Dart
Press: ? - help, Shift-Dir - straight line, f/p - Ijyb
Aim: Ijyb, wearing a leather armour (lightly wounded)
The magic dart hits Ijyb.
Ijyb is moderately wounded.
Ijyb closely misses you.
You hit Ijyb but do no damage.
Ijyb is lightly wounded.
The goblin shoots a stone.
The stone hits you!
You die...

#.....#...#
#.....#...#
#.....#...#
#+##....g##'##
#............#
#.........g..#
##########.(.#
.......#).(#
...†...@g..#
.......'...#
############


You could see Ijyb and a goblin.

Vanquished Creatures
  An adder (D:2)
  11 goblins
  5 hobgoblins
  15 jackals
  5 bats (D:1)
  5 giant cockroaches
  2 giant newts (D:1)
  5 kobolds (D:1)
  5 rats (D:1)
54 creatures vanquished.

Notes
Turn   | Place    | Note
--------------------------------------------------------------
     0 | D:1      | tp1 the Deep Elf Conjurer began the quest for the Orb.
     0 | D:1      | Reached XP level 1. HP: 10/10 MP: 6/6
   191 | D:1      | Reached XP level 2. HP: 15/15 MP: 4/8
   573 | D:1      | Reached XP level 3. HP: 19/19 MP: 1/10
  1214 | D:1      | Reached skill level 5 in Conjurations
  1559 | D:2      | Noticed Ijyb
  1575 | D:2      | Shot with a stone by a goblin

Vault maps used:
D:1:      minmay_arrival_nine_rooms
D:2:      kennysheep_goblin_castle, lemuel_crystal_altar,
          gammafunk_temple_overflow_statue, serial_bayou, serial_bayou_pond_d,
          serial_bayou_lagoon_a, serial_bayou_pond_c, serial_bayou_shore_b,
          minmay_misc_feat_columns, kennysheep_doodads,
          makhleb_blood_cavern_becter

Action                   || total
-------------------------++-------
Melee: Dagger            ||     9
       Short sword       ||     4
 Fire: Hunting sling     ||     5
 Cast: Magic Dart        ||    96
  Eat: Chunk             ||     2
